 Dungeon Crawl Stone Soup version 0.31-a0-640-g39d97e502b (webtiles) character file.

Game seed: 10291545747717798346

333 qw the Shooter (level 6, -2/38 HPs)
             Began as a Gargoyle Hunter on Aug 27, 2023.
             Slain by a gnoll
             ... wielding a +0 spear
              (4 damage)
             ... on level 5 of the Dungeon.
             The game lasted 00:01:09 (3478 turns).

qw the Shooter (Gargoyle Hunter)                    Turns: 3478, Time: 00:01:10

Health: -2/38      AC: 11    Str: 14    XL:     6   Next: 52%
Magic:  6/6        EV: 10    Int:  8    God:
Gold:   281        SH:  0    Dex: 15    Spells: 5/5 levels left

rFire   . . .        Y - +0 shortbow (flame)
rCold   . . .        (shield currently unavailable)
rNeg    + + .        j - +0 ring mail
rPois   inf          (helmet restricted)
rElec   +            (no cloak)
rCorr   .            e - +1 pair of gloves
SInv    .            (no boots)
Will    .....        (no amulet)
Stlth   +            i - ring of positive energy
HPRegen 0.26/turn    (no ring)
MPRegen 0.10/turn

%: no passive effects
@: about to teleport
A: sickness immunity, AC +4, negative energy resistance 1, electricity
resistance, torment resistance 1, petrification resistance, antennae 1, dopey 1,
sense surroundings 1
a: no special abilities


You were on level 5 of the Dungeon.
You visited 1 branch of the dungeon, and saw 5 of its levels.

You collected 281 gold pieces.


Innate Abilities, Weirdness & Mutations

You are immune to sickness and miasma.
Your stone body is resilient. (AC +4)
You are immune to poison.
You resist negative energy. (rN+)
You are resistant to electric shocks. (rElec)
You are resistant to unholy torment.
You are immune to petrification.
You have a pair of small antennae on your head.
You are dopey. (Int -2)
You passively map a small area around you.


   Skills:
 - Level 4.1 Fighting
 + Level 6.7 Ranged Weapons
 - Level 1.1 Armour
 - Level 1.5 Dodging
 - Level 1.1 Stealth


You had 5 spell levels left.
You didn't know any spells.
Your spell library was empty.

Inventory:

Hand Weapons
 Y - a +0 shortbow of flaming (weapon)
Armour
 e - a +1 pair of gloves (worn)
 j - a +0 ring mail (worn)
Jewellery
 i - a ring of positive energy (left hand)
Wands
 b - a wand of digging (1)
Scrolls
 f - a scroll of identify
Potions
 a - a potion of mutation
 h - a potion of enlightenment
 l - a potion of ambrosia {unknown}

Dungeon Overview and Level Annotations

Branches:
Dungeon (5/15)
 Temple: D:4-7

Altars:
Nemelex Xobeh
Trog
Yredelemnul
Zin


Message History

The orc wizard points at you and mumbles some strange words.
You are confused.
The orc hits you but does no damage. The killer bee stings you.
The killer bee completely misses you. The orc hits you but does no damage.
The orc misses you. The killer bee stings you! The killer bee stings you.
The orc closely misses you. The killer bee stings you.
The killer bee misses you.
The gnoll hits you from afar with a +0 spear.
You feel less confused.
The killer bee stings you but does no damage.
The killer bee barely misses you. The gnoll completely misses you.
The orc wizard points at you and mumbles some strange words.
The puff of flame misses you. The orc hits you with a +0 hand axe.
Enter note:
3474 ||| Stepping ~*~*~tactically~*~*~ (retreating).
The killer bee closely misses you. The orc attacks as it pursues you!
The orc barely misses you.
Enter note:
3475 ||| Stepping ~*~*~tactically~*~*~ (retreating).
The killer bee stings you. The orc attacks as it pursues you!
The orc barely misses you.
You shoot an arrow. The arrow barely misses the killer bee.
The arrow hits the gnoll.
The arrow burns the gnoll.
The gnoll is severely wounded.
The killer bee misses you. The killer bee closely misses you.
The orc hits you with a +0 hand axe. The killer bee barely misses you.
You shoot an arrow. The arrow hits the killer bee!
The arrow burns the killer bee.
The killer bee is heavily wounded.
The killer bee stings you but does no damage.
The gnoll hits you but does no damage. The orc hits you with a +0 hand axe.
The killer bee barely misses you.
Enter note:
3478 ||| READING scroll of teleportation.
As you read the scroll of teleportation, it crumbles to dust.
You feel strangely unstable. The killer bee stings you!
The gnoll hits you from afar with a +0 spear.
You die...

, . *#.. * ##.., *
..##.. * #..# ,,
,.... ##.)# *, ,
#..###...### , , *
#..##..#..#* *
#........# ,, , , ,
##ggo.........# ** ..
* #oy#o........##
..### #@.#.........#
....#.
##.###........#
......#####.##
#.##>.....#*
......#.....#*
#.#####....#
..........##.#*#.#
,..... .........##
..##.###. *
.........## #........
..........## .......
...........###.....**
.#*


You could see a killer bee, an orc wizard, 2 gnolls and an orc.

Vanquished Creatures
  2 scorpions (D:4)
  A killer bee (D:5)
  2 iguanas (D:4)
  2 gnolls (D:5)
  An adder (D:4)
  An ufetubus (D:4)
  3 worms
  A dart slug (D:4)
  3 orcs (D:4)
  7 endoplasms
  5 giant cockroaches
  7 goblins
  6 hobgoblins
  5 jackals (D:4)
  10 kobolds
  3 quokkas
  6 ball pythons
  4 bats
  2 rats (D:1)
71 creatures vanquished.

Notes
Turn   | Place    | Note
-------+----------+-------------------------------------------
     0 | D:1      | qw the Gargoyle Hunter began the quest for the Orb.
     0 | D:1      | Reached XP level 1. HP: 12/12 MP: 1/1
     0 | D:1      | 0 ||| qw: Version: 0.3-a-74-g0d5e918
     0 | D:1      | 0 ||| qw: Game counter: 179
     0 | D:1      | 0 ||| qw: Melee chars always use a shield: true
     0 | D:1      | 0 ||| qw: God list: Okawaru
     0 | D:1      | 0 ||| qw: Allow faded altars: false
     0 | D:1      | 0 ||| qw: Do Orc after clearing Dungeon:15 true
     0 | D:1      | 0 ||| qw: Do second Lair branch before Depths: true
     0 | D:1      | 0 ||| qw: Lair rune preference: random
     0 | D:1      | 0 ||| qw: Goals: Normal
     0 | D:1      | 0 ||| PLANNING D:1-11
    50 | D:1      | Reached XP level 2. HP: 17/17 MP: 2/2
   818 | D:1      | 818 ||| UPGRADING to +1 pair of gloves.
   823 | D:1      | 823 ||| UPGRADING to +0 ring mail.
   833 | D:1      | 833 ||| DROPPING +0 leather armour.
   834 | D:1      | 834 ||| READING scroll labelled GAIL VIXIULURCH.
   835 | D:1      | 835 ||| READING 3 scrolls labelled ICOJON MEOCABB.
   836 | D:1      | 836 ||| READING 2 scrolls labelled GEULLEXEDGHE.
   839 | D:1      | 839 ||| READING scroll labelled YSSULI RUPTAUMN.
   940 | D:1      | 940 ||| READING 2 scrolls of identify.
   940 | D:1      | 940 ||| IDENTIFYING white potion
   941 | D:1      | 941 ||| DROPPING scroll of butterflies.
  1251 | D:2      | Reached XP level 3. HP: 21/21 MP: 3/3
  1262 | D:2      | Reached skill level 1 in Armour
  1703 | D:2      | 1703 ||| READING scroll labelled PEZXO HEJY.
  1704 | D:2      | 1704 ||| DRINKING 4 inky potions.
  1808 | D:2      | 1808 ||| DRINKING 2 fizzy green potions.
  1809 | D:2      | 1809 ||| DRINKING 2 viscous inky potions.
  1810 | D:2      | 1810 ||| DROPPING 3 potions of berserk rage.
  1811 | D:2      | 1811 ||| DROPPING potion of invisibility.
  1869 | D:3      | Identified the +0 ring mail "Izullisk" {Int+3}
  1901 | D:3      | Reached skill level 5 in Ranged Weapons
  2285 | D:3      | 2285 ||| READING scroll of brand weapon.
  2285 | D:3      | 2285 ||| BRANDING +0 shortbow of freezing.
  2464 | D:3      | Found a sparkling altar of Nemelex Xobeh.
  2496 | D:3      | Found a glowing silver altar of Zin.
  2505 | D:3      | 2505 ||| DROPPING +0 ring mail "Izullisk" {Int+3}.
  2620 | D:4      | Found a basalt altar of Yredelemnul.
  2676 | D:4      | 2676 ||| FLEEEEING.
  2677 | D:4      | 2677 ||| FLEEEEING.
  2678 | D:4      | 2678 ||| FLEEEEING.
  2680 | D:4      | 2680 ||| FLEEEEING.
  2682 | D:4      | 2682 ||| FLEEEEING.
  2698 | D:4      | Noticed a scorpion
  2702 | D:4      | Killed a scorpion
  2703 | D:4      | Reached XP level 4. HP: 29/29 MP: 4/4
  2703 | D:4      | Reached XP level 5. HP: 33/33 MP: 5/5
  2772 | D:4      | Found a bloodstained altar of Trog.
  3136 | D:4      | Reached skill level 6 in Ranged Weapons
  3136 | D:4      | Reached XP level 6. HP: 37/38 MP: 6/6
  3225 | D:4      | 3225 ||| UPGRADING to ring of positive energy.
  3226 | D:4      | 3226 ||| READING scroll labelled VOGUAK IR NUGG.
  3227 | D:4      | 3227 ||| DRINKING 2 glowing ruby potions.
  3227 | D:4      | Gained mutation: You are dopey. (Int -2) [potion of
                  | mutation]
  3227 | D:4      | Gained mutation: You have a pair of small antennae on your
                  | head. [potion of mutation]
  3227 | D:4      | Gained mutation: You passively map a small area around you.
                  | [potion of mutation]
  3228 | D:4      | 3228 ||| READING 2 scrolls of identify.
  3228 | D:4      | 3228 ||| IDENTIFYING viscous brown potion
  3229 | D:4      | 3229 ||| DROPPING potion of brilliance.
  3261 | D:5      | Entered Level 5 of the Dungeon
  3271 | D:5      | 3271 ||| RETREATING.
  3290 | D:5      | HP: 7/38 [killer bee (5)]
  3291 | D:5      | 3291 ||| READING 2 scrolls of teleportation.
  3292 | D:5      | 3292 ||| DRINKING potion of heal wounds.
  3465 | D:5      | 3465 ||| Stepping ~*~*~tactically~*~*~ (retreating).
  3466 | D:5      | 3466 ||| Stepping ~*~*~tactically~*~*~ (retreating).
  3467 | D:5      | 3467 ||| Stepping ~*~*~tactically~*~*~ (retreating).
  3468 | D:5      | 3468 ||| Stepping ~*~*~tactically~*~*~ (retreating).
  3474 | D:5      | 3474 ||| Stepping ~*~*~tactically~*~*~ (retreating).
  3475 | D:5      | 3475 ||| Stepping ~*~*~tactically~*~*~ (retreating).
  3477 | D:5      | HP: 9/38 [orc/+0 hand axe (2)]
  3478 | D:5      | 3478 ||| READING scroll of teleportation.
  3478 | D:5      | HP: 2/38 [killer bee (7)]
  3478 | D:5      | Slain by a gnoll

Levels and vault maps discovered:
D:1:      saegor_arrival_miasma, layout_basic
D:2:      layout_basic
D:3:      layout_basic, mainiacjoe_overflow_two_lobes, serial_glass,
          glass_columns_c, glass_columns_a
D:4:      minmay_chambers_of_twos, layout_rooms,
          mainiacjoe_overflow_small_starburst, lemuel_tele_altar
D:5:      layout_layer_cave, overflow_temple_1_default,
          minmay_temple_entry_large_hall, serial_shops,
          nicolae_shop_real_fake_doors, uniq_edmund

Skill      XL: |  1  2  3  4  5 |
---------------+----------------+-----
Armour         | 1 |  1.1
Ranged Weapons | 5 6 |  6.7
Fighting       | 4 |  4.1
Dodging        | |  1.5
Stealth        | |  1.1

Action                     |  1- 3 |  4- 6 || total
---------------------------+-------+-------++-------
   Fire: Shortbow          |   121 |   116 ||   237
    Use: Scroll            |     7 |     4 ||    11
         Potion            |     3 |     2 ||     5
 Armour: Leather armour    |     2 |       ||     2
         Ring mail         |     8 |    72 ||    80
  Dodge: Dodged            |    21 |    65 ||    86

Table legend:
 A = Non-vault XP
 B = Vault XP
 C = Vault XP percentage of total XP
 D = Non-vault monster count
 E = Vault monster count
 F = Vault count percentage of total count
                 A         B        C        D         E       F
            +---------+---------+-------+---------+---------+-------
      Total |     310 |     166 |  34.9 |      63 |       8 |  11.3
            +---------+---------+-------+---------+---------+-------
        D:1 |      28 |       0 |   0.0 |      17 |       0 |   0.0
        D:2 |      21 |       0 |   0.0 |       8 |       0 |   0.0
        D:3 |      14 |       0 |   0.0 |       9 |       0 |   0.0
        D:4 |     155 |     166 |  51.7 |      26 |       8 |  23.5
        D:5 |      92 |       0 |   0.0 |       3 |       0 |   0.0
            +---------+---------+-------+---------+---------+-------
